| TOP OF THE 1ST |
|
Philadelphia (APP) Phillies batting - Pitching for Johnson City Cardinals : LHP Craig Soole
|
|
Pitching: LHP Craig Soole
|
|
|
Batting: RHB Gary Sampson
|
0-0: Ball 1-0: Ball 2-0: Called Strike 2-1: Foul Ball, location: 2F 2-2: Ball 3-2: DOUBLE (Line Drive, 78D, EV 106.9 MPH)
|
|
Batting: RHB Trent Hedrick
|
0-0: Foul Ball, location: 2F 0-1: Fly out, F8 (Flyball, 8LD, EV 100.0 MPH)
|
|
Batting: RHB Allen Gravel
|
0-0: Ball 1-0: Called Strike 1-1: Swinging Strike 1-2: Strikes out swinging
|
|
Batting: RHB Danny Habermehl
|
0-0: DOUBLE (Line Drive, 89D, EV 107.5 MPH) Gary Sampson scores
|
|
Batting: LHB Joel Moore
|
0-0: Ball 1-0: Called Strike 1-1: Ground out 4-3 (Groundball, 4M, EV 87.5 MPH)
|
| Top of the 1st over - 1 run, 2 hits, 0 errors, 1 left on base; Philadelphia (APP) 1 - Johnson City 0 |
| BOTTOM OF THE 1ST |
|
Johnson City Cardinals batting - Pitching for Philadelphia (APP) Phillies : RHP Victor Hurtado
|
|
Pitching: RHP Victor Hurtado
|
|
|
Batting: RHB Nick Latulippe
|
0-0: Called Strike 0-1: Foul Ball, location: 2F 0-2: Ball 1-2: Ball 2-2: Ball 3-2: Fly out, F8 (Flyball, 8RM, EV 86.9 MPH)
|
|
Batting: SHB Justin Towry
|
0-0: SINGLE (Groundball, 5, EV 96.9 MPH)
|
|
Batting: LHB Ken Compton
|
0-0: Called Strike 0-1: Fly out, F7 (Flyball, 7, EV 87.5 MPH)
|
|
Batting: LHB Billy Lang
|
0-0: Called Strike 0-1: Ball 1-1: Ball 2-1: Foul Ball, location: 2F 2-2: SINGLE (Groundball, 5D, EV 105.6 MPH) Justin Towry to second
|
|
Batting: RHB Kyle Burns
|
0-0: Foul Ball, location: 2F 0-1: Ball 1-1: Ball 2-1: Ball 3-1: Called Strike 3-2: Base on Balls Justin Towry to third Billy Lang to second
|
|
Batting: LHB Mike East
|
0-0: Ball 1-0: SINGLE (Line Drive, 4D, EV 100.0 MPH) Justin Towry scores Billy Lang to third Kyle Burns to second Runner from 3rd tries for Home, SAFE, throw by CF to home
|
|
Batting: RHB Bobby Miles
|
0-0: Ball 1-0: Ball 2-0: Ball 3-0: Called Strike 3-1: Base on Balls Kyle Burns to third Mike East to second
|
|
Batting: RHB Edgar Klockow
|
0-0: Called Strike 0-1: Ball 1-1: Swinging Strike 1-2: Foul Ball, location: 2F 1-2: Foul Ball, location: 2F 1-2: Strikes out swinging
|
| Bottom of the 1st over - 2 runs, 3 hits, 0 errors, 3 left on base; Philadelphia (APP) 1 - Johnson City 2 |
| TOP OF THE 2ND |
|
Philadelphia (APP) Phillies batting - Pitching for Johnson City Cardinals : LHP Craig Soole
|
|
Batting: RHB Mike Bell
|
0-0: Ball 1-0: Foul Ball, location: 2F 1-1: Foul Ball, location: 2F 1-2: Ball 2-2: Foul Ball, location: 2F 2-2: Foul Ball, location: 2F 2-2: Fly out, F7 (Flyball, 7D, EV 95.0 MPH)
|
|
Batting: RHB Zach Slot
|
0-0: Ball 1-0: Ball 2-0: Ball 3-0: Called Strike 3-1: Foul Ball, location: 2F 3-2: Foul Ball, location: 2F 3-2: SINGLE (Line Drive, 56, EV 96.2 MPH)
|
|
Batting: RHB Guan-pei Gao
|
0-0: Fielders Choice at 2nd, 3-6 (Groundball, 3, EV 90.6 MPH)
|
|
Batting: LHB Jesse Haught
|
0-0: Swinging Strike 0-1: Ball 1-1: Foul Ball, location: 2F 1-2: Strikes out swinging
|
| Top of the 2nd over - 0 runs, 1 hit, 0 errors, 1 left on base; Philadelphia (APP) 1 - Johnson City 2 |
| BOTTOM OF THE 2ND |
|
Johnson City Cardinals batting - Pitching for Philadelphia (APP) Phillies : RHP Victor Hurtado
|
|
Batting: RHB Sam Daw
|
0-0: Ball 1-0: Ball 2-0: DOUBLE (Line Drive, 5D, EV 98.1 MPH)
|
|
Batting: RHB Nick Latulippe
|
0-0: Called Strike 0-1: Foul Ball, location: 2F 0-2: Strikes out swinging
|
|
Batting: SHB Justin Towry
|
0-0: Ground out 4-3 (Groundball, 34D, EV 86.2 MPH) Sam Daw to third
|
|
Batting: LHB Ken Compton
|
0-0: SINGLE (Groundball, 6MD, EV 98.8 MPH) Sam Daw scores
|
|
Batting: LHB Billy Lang
|
0-0: Called Strike 0-1: Ball 1-1: Called Strike Ken Compton is caught stealing 2nd base 2-6
|
| Bottom of the 2nd over - 1 run, 2 hits, 0 errors, 0 left on base; Philadelphia (APP) 1 - Johnson City 3 |
| TOP OF THE 3RD |
|
Philadelphia (APP) Phillies batting - Pitching for Johnson City Cardinals : LHP Craig Soole
|
|
Batting: RHB Gary Sampson
|
0-0: Ball 1-0: Called Strike 1-1: Ball 2-1: Foul Ball, location: 2F 2-2: Ball 3-2: Strikes out swinging
|
|
Batting: RHB Trent Hedrick
|
0-0: Called Strike 0-1: Swinging Strike 0-2: Ball 1-2: Strikes out swinging
|
|
Batting: RHB Allen Gravel
|
0-0: Called Strike 0-1: Ball 1-1: Swinging Strike 1-2: Ball 2-2: Ball 3-2: SINGLE (Line Drive, 8RS, EV 108.8 MPH)
|
|
Batting: RHB Danny Habermehl
|
0-0: Ball 1-0: Ball Wild Pitch! Allen Gravel to second 2-0: Foul Ball, location: 2F 2-1: Ball 3-1: Swinging Strike 3-2: 2-RUN HOME RUN (Flyball, 78XD, EV 115.0 MPH), Distance : 426 ft
|
|
Batting: LHB Joel Moore
|
0-0: Ball 1-0: Ball 2-0: Ball 3-0: Base on Balls
|
|
Batting: RHB Mike Bell
|
0-0: Foul Ball, location: 2F 0-1: Ball 1-1: Foul Ball, location: 2F 1-2: Strikes out swinging
|
| Top of the 3rd over - 2 runs, 2 hits, 0 errors, 1 left on base; Philadelphia (APP) 3 - Johnson City 3 |
| BOTTOM OF THE 3RD |
|
Johnson City Cardinals batting - Pitching for Philadelphia (APP) Phillies : RHP Victor Hurtado
|
|
Batting: LHB Billy Lang
|
0-0: Called Strike 0-1: Ball 1-1: Swinging Strike 1-2: Ball 2-2: Ball 3-2: Strikes out looking
|
|
Batting: RHB Kyle Burns
|
0-0: Called Strike 0-1: Fly out, F7 (Flyball, 7LS, EV 90.6 MPH)
|
|
Batting: LHB Mike East
|
0-0: Called Strike 0-1: Called Strike 0-2: Ball 1-2: Foul Ball, location: 2F 1-2: Strikes out swinging
|
| Bottom of the 3rd over - 0 runs, 0 hits, 0 errors, 0 left on base; Philadelphia (APP) 3 - Johnson City 3 |
| TOP OF THE 4TH |
|
Philadelphia (APP) Phillies batting - Pitching for Johnson City Cardinals : LHP Craig Soole
|
|
Batting: RHB Zach Slot
|
0-0: Called Strike 0-1: Ball 1-1: Ball 2-1: Ball 3-1: Base on Balls
|
|
Batting: RHB Guan-pei Gao
|
0-0: Ball 1-0: Ball 2-0: Called Strike 2-1: Ball 3-1: Base on Balls Zach Slot to second
|
|
Batting: LHB Jesse Haught
|
0-0: Ball 1-0: Swinging Strike 1-1: Called Strike 1-2: Ball 2-2: Strikes out looking
|
|
Batting: RHB Gary Sampson
|
0-0: Ball 1-0: Ball 2-0: Ball 3-0: Called Strike 3-1: Base on Balls Zach Slot to third Guan-pei Gao to second
|
|
Batting: RHB Trent Hedrick
|
0-0: Swinging Strike 0-1: Called Strike 0-2: Fly out, F7 (Flyball, 78M, EV 95.0 MPH)
|
|
Batting: RHB Allen Gravel
|
0-0: Foul Ball, location: 2F 0-1: Ball 1-1: SINGLE (Line Drive, 78M, EV 92.5 MPH) Zach Slot scores Guan-pei Gao to third Gary Sampson to second
|
|
Pitching: LHP Andy Fitzsimmons
|
|
|
Batting: RHB Danny Habermehl
|
0-0: Called Strike 0-1: GRAND SLAM HOME RUN (Flyball, 7D, EV 101.2 MPH), Distance : 380 ft
|
|
Batting: LHB Joel Moore
|
0-0: Ball 1-0: SINGLE (Groundball, 4MD, EV 94.4 MPH)
|
|
Batting: RHB Mike Bell
|
0-0: Ball 1-0: Foul Ball, location: 2F 1-1: Ball 2-1: Fielders Choice at 2nd, 6-4 (Groundball, 6, EV 86.2 MPH)
|
| Top of the 4th over - 5 runs, 3 hits, 0 errors, 1 left on base; Philadelphia (APP) 8 - Johnson City 3 |
| BOTTOM OF THE 4TH |
|
Johnson City Cardinals batting - Pitching for Philadelphia (APP) Phillies : RHP Victor Hurtado
|
|
Batting: RHB Bobby Miles
|
0-0: Ball 1-0: Foul Ball, location: 2F 1-1: Foul Ball, location: 2F 1-2: Foul Ball, location: 2F 1-2: Strikes out swinging
|
|
Batting: RHB Edgar Klockow
|
0-0: SOLO HOME RUN (Flyball, 9D, EV 99.4 MPH), Distance : 369 ft
|
|
Batting: RHB Sam Daw
|
0-0: Ball 1-0: DOUBLE (Line Drive, 7LS, EV 109.4 MPH)
|
|
Batting: RHB Nick Latulippe
|
0-0: Ball 1-0: Foul Ball, location: 2F 1-1: Ball Sam Daw steals 3rd base 2-1: Swinging Strike 2-2: Foul Ball, location: 2F 2-2: Ball 3-2: Ground out 5-3 (Groundball, 56, EV 78.1 MPH) Sam Daw scores
|
|
Batting: SHB Justin Towry
|
0-0: Called Strike 0-1: Swinging Strike 0-2: Foul Ball, location: 2F 0-2: Ground out 4-3 (Groundball, 4, EV 90.0 MPH)
|
| Bottom of the 4th over - 2 runs, 2 hits, 0 errors, 0 left on base; Philadelphia (APP) 8 - Johnson City 5 |
| TOP OF THE 5TH |
|
Philadelphia (APP) Phillies batting - Pitching for Johnson City Cardinals : LHP Andy Fitzsimmons
|
|
Batting: RHB Zach Slot
|
0-0: Ball 1-0: Called Strike 1-1: Ball 2-1: Ball 3-1: Base on Balls
|
|
Batting: RHB Guan-pei Gao
|
0-0: Foul Ball, location: 2F 0-1: Ball 1-1: Ball 2-1: Ball 3-1: Called Strike 3-2: Strikes out swinging
|
|
Pitching: LHP Heriberto Flores
|
|
|
Batting: LHB Jesse Haught
|
0-0: Ball 1-0: Fly out, F7 (Flyball, 7S, EV 89.4 MPH)
|
|
Batting: RHB Gary Sampson
|
0-0: Ball 1-0: Ball 2-0: Swinging Strike 2-1: Ball 3-1: Called Strike 3-2: Base on Balls Zach Slot to second
|
|
Batting: RHB Trent Hedrick
|
0-0: Ball 1-0: Ball 2-0: Ball 3-0: Base on Balls Zach Slot to third Gary Sampson to second
|
|
Batting: RHB Allen Gravel
|
0-0: Called Strike 0-1: Swinging Strike 0-2: Ball 1-2: Ball 2-2: Ball 3-2: Base on Balls Zach Slot scores Gary Sampson to third Trent Hedrick to second
|
|
Pitching: RHP Jim Morse
|
|
|
Batting: RHB Danny Habermehl
|
0-0: Ball 1-0: Ball 2-0: Ball 3-0: Base on Balls Gary Sampson scores Trent Hedrick to third Allen Gravel to second
|
|
Batting: LHB Joel Moore
|
0-0: Ball 1-0: Foul Ball, location: 2F 1-1: DOUBLE (Flyball, 8LXD, EV 109.4 MPH) Trent Hedrick scores Allen Gravel scores Danny Habermehl to third
|
|
Batting: RHB Mike Bell
|
0-0: Swinging Strike 0-1: Ball 1-1: Foul Ball, location: 2F 1-2: Ball 2-2: Ball 3-2: Base on Balls
|
|
Batting: RHB Zach Slot
|
0-0: Ball 1-0: Ground out 5-3 (Groundball, 56S, EV 77.5 MPH)
|
| Top of the 5th over - 4 runs, 1 hit, 0 errors, 3 left on base; Philadelphia (APP) 12 - Johnson City 5 |
| BOTTOM OF THE 5TH |
|
Johnson City Cardinals batting - Pitching for Philadelphia (APP) Phillies : RHP Victor Hurtado
|
|
Pitching: RHP Manny Campos
|
|
|
Batting: LHB Ken Compton
|
0-0: Ball 1-0: Foul Ball, location: 2F 1-1: Ball 2-1: Ball 3-1: Called Strike 3-2: Strikes out swinging
|
|
Batting: LHB Billy Lang
|
0-0: Ball 1-0: Ball 2-0: Called Strike 2-1: Swinging Strike 2-2: Foul Ball, location: 2F 2-2: Strikes out swinging, 2-3 out at first.
|
|
Batting: RHB Kyle Burns
|
0-0: Called Strike 0-1: Foul Ball, location: 2F 0-2: Ball 1-2: Ball 2-2: SINGLE (Groundball, 6MD, EV 96.2 MPH)
|
|
Batting: LHB Mike East
|
0-0: Ball 1-0: Foul Ball, location: 2F 1-1: Called Strike 1-2: Ground out 4-3 (Groundball, 4, EV 86.9 MPH)
|
| Bottom of the 5th over - 0 runs, 1 hit, 0 errors, 1 left on base; Philadelphia (APP) 12 - Johnson City 5 |
| TOP OF THE 6TH |
|
Philadelphia (APP) Phillies batting - Pitching for Johnson City Cardinals : RHP Jim Morse
|
|
Batting: RHB Guan-pei Gao
|
0-0: Ball 1-0: SOLO HOME RUN (Flyball, 78XD, EV 101.2 MPH), Distance : 420 ft
|
|
Batting: LHB Jesse Haught
|
0-0: Ball 1-0: Ball 2-0: Called Strike 2-1: Foul Ball, location: 2F 2-2: Strikes out looking
|
|
Batting: RHB Gary Sampson
|
0-0: Swinging Strike 0-1: SINGLE (Groundball, 34D, EV 101.2 MPH)
|
|
Batting: RHB Trent Hedrick
|
0-0: Ball 1-0: TRIPLE (Flyball, 78XD, EV 102.5 MPH) Gary Sampson scores
|
|
Batting: RHB Allen Gravel
|
0-0: Foul Ball, location: 2F 0-1: DOUBLE (Line Drive, 3D, EV 103.8 MPH) Trent Hedrick scores
|
|
Pitching: LHP Hylnur Albertsson
|
|
|
Batting: RHB Danny Habermehl
|
0-0: Ball 1-0: Swinging Strike 1-1: Foul Ball, location: 2F 1-2: Ball 2-2: Ball 3-2: Foul Ball, location: 2F 3-2: Base on Balls
|
|
Batting: LHB Joel Moore
|
0-0: Called Strike 0-1: Ball 1-1: Foul Ball, location: 2F 1-2: SINGLE (Groundball, 34, EV 108.1 MPH) Allen Gravel to third Danny Habermehl to second
|
|
Batting: RHB Mike Bell
|
0-0: Called Strike 0-1: Ball 1-1: Called Strike 1-2: Foul Ball, location: 2F 1-2: Ball 2-2: Foul Ball, location: 2F 2-2: DOUBLE (Flyball, 89XD, EV 106.2 MPH) Allen Gravel scores Danny Habermehl scores Joel Moore to third
|
|
Batting: RHB Zach Slot
|
0-0: Ball 1-0: Ball 2-0: Fly out, F7 (Flyball, 7, EV 71.2 MPH) Runner from 3rd tags up, SCORES, throw by LF Mike Bell to third
|
|
Batting: RHB Guan-pei Gao
|
0-0: Ball 1-0: Called Strike 1-1: Foul Ball, location: 2F 1-2: Ball 2-2: Strikes out swinging passed ball, reaches first! Mike Bell scores
|
|
Batting: LHB Jesse Haught
|
0-0: Foul Ball, location: 2F 0-1: Fly out, F7 (Flyball, 78S, EV 93.8 MPH)
|
| Top of the 6th over - 7 runs, 6 hits, 0 errors, 1 left on base; Philadelphia (APP) 19 - Johnson City 5 |
| BOTTOM OF THE 6TH |
|
Johnson City Cardinals batting - Pitching for Philadelphia (APP) Phillies : RHP Manny Campos
|
|
Batting: RHB Bobby Miles
|
0-0: Ball 1-0: Ball 2-0: SOLO HOME RUN (Flyball, 7D, EV 103.8 MPH), Distance : 419 ft
|
|
Batting: RHB Edgar Klockow
|
0-0: Foul Ball, location: 2F 0-1: Fly out, F7 (Flyball, 7, EV 98.8 MPH)
|
|
Batting: RHB Sam Daw
|
0-0: Called Strike 0-1: Ball 1-1: Ball 2-1: Called Strike 2-2: Foul Ball, location: 2F 2-2: Strikes out swinging
|
|
Batting: RHB Nick Latulippe
|
0-0: Ball 1-0: Foul Ball, location: 2F 1-1: Ball 2-1: Foul Ball, location: 2F 2-2: Foul Ball, location: 2F 2-2: SOLO HOME RUN (Flyball, 78XD, EV 98.1 MPH), Distance : 404 ft
|
|
Batting: SHB Justin Towry
|
0-0: Ball 1-0: Ball 2-0: Ground out 4-3 (Groundball, 34D, EV 88.1 MPH)
|
| Bottom of the 6th over - 2 runs, 2 hits, 0 errors, 0 left on base; Philadelphia (APP) 19 - Johnson City 7 |
| TOP OF THE 7TH |
|
Philadelphia (APP) Phillies batting - Pitching for Johnson City Cardinals : LHP Hylnur Albertsson
|
|
Batting: RHB Gary Sampson
|
0-0: Ball 1-0: Ball 2-0: Swinging Strike 2-1: Ball 3-1: Base on Balls
|
|
Pinch Hitting: LHB Emilio Ortez
|
0-0: Ball 1-0: Foul Ball, location: 2F 1-1: Ball 2-1: Fly out, F9 (Line Drive, 89M, EV 88.8 MPH)
|
|
Pitching: RHP Diego Herrera
|
|
|
Batting: RHB Allen Gravel
|
0-0: Called Strike 0-1: Ball 1-1: 2-RUN HOME RUN (Flyball, 7D, EV 98.8 MPH), Distance : 393 ft
|
|
Batting: RHB Danny Habermehl
|
0-0: Ball 1-0: Ball 2-0: Foul Ball, location: 2F 2-1: Ball 3-1: Foul Ball, location: 2F 3-2: Foul Ball, location: 2F 3-2: Base on Balls
|
|
Batting: LHB Joel Moore
|
0-0: Foul Ball, location: 2F 0-1: Swinging Strike 0-2: Ball 1-2: Strikes out swinging
|
|
Batting: RHB Mike Bell
|
0-0: Called Strike 0-1: Ball 1-1: Ball 2-1: Swinging Strike 2-2: Foul Ball, location: 2F 2-2: Strikes out swinging
|
| Top of the 7th over - 2 runs, 1 hit, 0 errors, 1 left on base; Philadelphia (APP) 21 - Johnson City 7 |
| BOTTOM OF THE 7TH |
|
Johnson City Cardinals batting - Pitching for Philadelphia (APP) Phillies : RHP Manny Campos
|
|
Now at 1B: Emilio Ortez
|
|
|
Batting: LHB Ken Compton
|
0-0: Swinging Strike 0-1: Ball 1-1: Foul Ball, location: 2F 1-2: Foul Ball, location: 2F 1-2: Ground out 1-3 (Groundball, 25, EV 68.1 MPH)
|
|
Batting: LHB Billy Lang
|
0-0: Ball 1-0: Swinging Strike 1-1: Foul Ball, location: 2F 1-2: Foul Ball, location: 2F 1-2: DOUBLE (Groundball, 5L, EV 109.4 MPH)
|
|
Pitching: RHP Andrew Giles
|
|
|
Batting: RHB Kyle Burns
|
0-0: Ground out 4-3 (Groundball, 4, EV 105.6 MPH) Billy Lang to third
|
|
Batting: LHB Mike East
|
0-0: Ball 1-0: Ground out 4-3 (Groundball, 4D, EV 102.5 MPH)
|
| Bottom of the 7th over - 0 runs, 1 hit, 0 errors, 1 left on base; Philadelphia (APP) 21 - Johnson City 7 |
| TOP OF THE 8TH |
|
Philadelphia (APP) Phillies batting - Pitching for Johnson City Cardinals : RHP Diego Herrera
|
|
Batting: RHB Zach Slot
|
0-0: Foul Ball, location: 2F 0-1: Ball 1-1: Ball 2-1: Foul Ball, location: 2F 2-2: Foul Ball, location: 2F 2-2: Foul Ball, location: 2F 2-2: Ball 3-2: Foul Ball, location: 2F 3-2: Base on Balls
|
|
Batting: RHB Guan-pei Gao
|
0-0: Called Strike 0-1: Fly out, F8 (Flyball, 8RM, EV 84.4 MPH)
|
|
Batting: LHB Jesse Haught
|
0-0: Ball 1-0: Ball 2-0: Called Strike 2-1: Foul Ball, location: 2F 2-2: Strikes out swinging
|
|
Pitching: RHP Herbert Loveless
|
|
|
Batting: RHB Gary Sampson
|
Balk! Zach Slot to second 0-0: Ball 1-0: Called Strike 1-1: Ball 2-1: Called Strike 2-2: Foul Ball, location: 2F 2-2: Foul Ball, location: 2F 2-2: Strikes out looking
|
| Top of the 8th over - 0 runs, 0 hits, 0 errors, 1 left on base; Philadelphia (APP) 21 - Johnson City 7 |
| BOTTOM OF THE 8TH |
|
Johnson City Cardinals batting - Pitching for Philadelphia (APP) Phillies : RHP Andrew Giles
|
|
Batting: RHB Bobby Miles
|
0-0: Hit by Pitch
|
|
Batting: RHB Edgar Klockow
|
0-0: Hit by Pitch Bobby Miles to second
|
|
Batting: RHB Sam Daw
|
0-0: Called Strike 0-1: Hit by Pitch Bobby Miles to third Edgar Klockow to second
|
|
Batting: RHB Nick Latulippe
|
0-0: Called Strike 0-1: Called Strike 0-2: Foul Ball, location: 2F 0-2: Ball 1-2: Foul Ball, location: 2F 1-2: Ball 2-2: Strikes out swinging
|
|
Batting: SHB Justin Towry
|
0-0: Called Strike 0-1: Called Strike 0-2: Ball 1-2: Strikes out swinging
|
|
Batting: LHB Ken Compton
|
0-0: SINGLE (Groundball, 5L, EV 88.1 MPH) (infield hit) Bobby Miles scores Edgar Klockow to third Sam Daw to second
|
|
Batting: LHB Billy Lang
|
0-0: Foul Ball, location: 2F 0-1: Ball 1-1: Ball 2-1: SINGLE (Groundball, 6MD, EV 102.5 MPH) (infield hit) Edgar Klockow scores Sam Daw to third Ken Compton to second
|
|
Batting: RHB Kyle Burns
|
0-0: Ball 1-0: Ball 2-0: Ball 3-0: Base on Balls Sam Daw scores Ken Compton to third Billy Lang to second
|
|
Batting: LHB Mike East
|
0-0: Ball 1-0: Foul Ball, location: 2F 1-1: Foul Ball, location: 2F 1-2: Ground out 4-3 (Groundball, 4, EV 82.5 MPH)
|
| Bottom of the 8th over - 3 runs, 2 hits, 0 errors, 3 left on base; Philadelphia (APP) 21 - Johnson City 10 |
| TOP OF THE 9TH |
|
Philadelphia (APP) Phillies batting - Pitching for Johnson City Cardinals : RHP Herbert Loveless
|
|
Batting: LHB Emilio Ortez
|
0-0: Foul Ball, location: 2F 0-1: Foul Ball, location: 2F 0-2: Ball 1-2: DOUBLE (Line Drive, 89M, EV 110.6 MPH)
|
|
Batting: RHB Allen Gravel
|
0-0: Ball Wild Pitch! Emilio Ortez to third 1-0: Ball 2-0: DOUBLE (Line Drive, 78XD, EV 105.6 MPH) Emilio Ortez scores
|
|
Batting: RHB Danny Habermehl
|
0-0: Ball 1-0: Swinging Strike 1-1: Ball 2-1: Ball Wild Pitch! Allen Gravel to third 3-1: Base on Balls
|
|
Batting: LHB Joel Moore
|
0-0: Called Strike 0-1: Ball 1-1: Ball 2-1: Called Strike 2-2: SINGLE (Line Drive, 7LS, EV 97.5 MPH) Allen Gravel scores Danny Habermehl to second
|
|
Batting: RHB Mike Bell
|
0-0: 3-RUN HOME RUN (Flyball, 7LD, EV 93.8 MPH), Distance : 342 ft
|
|
Pitching: RHP Alex Melgoza
|
|
|
Batting: RHB Zach Slot
|
0-0: Foul Ball, location: 2F 0-1: Ball 1-1: Called Strike 1-2: Ball 2-2: Ball 3-2: Foul Ball, location: 2F 3-2: Foul Ball, location: 2F 3-2: SINGLE (Groundball, 4MD, EV 98.8 MPH)
|
|
Batting: RHB Guan-pei Gao
|
0-0: Ball 1-0: SINGLE (Groundball, 6D, EV 97.5 MPH) Zach Slot to second
|
|
Batting: LHB Jesse Haught
|
0-0: Foul Ball, location: 2F 0-1: Fly out, F8 (Flyball, 8RD, EV 106.9 MPH)
|
|
Batting: RHB Gary Sampson
|
0-0: Called Strike 0-1: Swinging Strike 0-2: Foul Ball, location: 2F 0-2: Ball Wild Pitch! Zach Slot to third Guan-pei Gao to second 1-2: Foul Ball, location: 2F 1-2: Strikes out looking
|
|
Batting: LHB Emilio Ortez
|
0-0: Foul Ball, location: 2F 0-1: Ball Wild Pitch! Zach Slot scores Guan-pei Gao to third 1-1: Foul Ball, location: 2F 1-2: Foul Ball, location: 2F 1-2: Strikes out swinging
|
| Top of the 9th over - 6 runs, 6 hits, 0 errors, 1 left on base; Philadelphia (APP) 27 - Johnson City 10 |
| BOTTOM OF THE 9TH |
|
Johnson City Cardinals batting - Pitching for Philadelphia (APP) Phillies : RHP Andrew Giles
|
|
Batting: RHB Bobby Miles
|
0-0: Called Strike 0-1: Ball 1-1: Fly out, F7 (Flyball, 78S, EV 81.9 MPH)
|
|
Batting: RHB Edgar Klockow
|
0-0: Foul Ball, location: 2F 0-1: Ball 1-1: Called Strike 1-2: Ball 2-2: SINGLE (Line Drive, 78S, EV 108.8 MPH)
|
|
Pitching: RHP Tony Ferreira
|
|
|
Batting: RHB Sam Daw
|
0-0: Ball 1-0: Foul Ball, location: 2F 1-1: Foul Ball, location: 2F 1-2: Ball Wild Pitch! Edgar Klockow to second 2-2: 2-RUN HOME RUN (Flyball, 7LD, EV 93.1 MPH), Distance : 352 ft
|
|
Batting: RHB Nick Latulippe
|
0-0: Ground out 6-3 (Groundball, 6, EV 108.1 MPH)
|
|
Batting: SHB Justin Towry
|
0-0: Ball 1-0: DOUBLE (Flyball, 89D, EV 108.1 MPH)
|
|
Batting: LHB Ken Compton
|
0-0: Ball 1-0: Called Strike 1-1: Foul Ball, location: 2F 1-2: Ground out 4-3 (Groundball, 4MD, EV 103.1 MPH)
|
| Bottom of the 9th over - 2 runs, 3 hits, 0 errors, 1 left on base; Philadelphia (APP) 27 - Johnson City 12 |
|